 Dungeon Crawl Stone Soup version 0.25-a0-700-g7f8a7979f0 (webtiles) character file.

Game seed: 10550728401921331524, levelgen mode: deterministic

5341 kae the Martial Artist (level 10, -3/75 HPs)
             Began as a Red Draconian Transmuter on Apr 2, 2020.
             Was a Believer of Hepliaklqana.
             Splashed by a jelly's acid (5 damage)
             ... on level 9 of the Dungeon.
             The game lasted 00:12:32 (12806 turns).

kae the Martial Artist (Red Draconian Transmuter)  Turns: 12806, Time: 00:12:32

Health: -3/75      AC: -9    Str: 12    XL:     10   Next: 38%
Magic:  16/21      EV: 10    Int: 17    God:    Hepliaklqana [**....]
Gold:   592        SH:  0    Dex: 12    Spells: 8/23 levels left

rFire    x . .     SeeInvis .     - Unarmed
rCold    + + +     Gourm    .   (shield currently unavailable)
rNeg     . . .     Faith    .   (armour unavailable)
rPois    +         Spirit   .   (helmet currently unavailable)
rElec    .         Reflect  .   (cloak currently unavailable)
rCorr    .         Harm     .   (gloves currently unavailable)
MR       .....     Clarity  +   (boots currently unavailable)
Stlth    +.........             (no amulet)
HPRegen  0.22/turn              h - ring of wizardry
MPRegen  0.17/turn              (no ring)

@: ice-form, corroded, very slightly contaminated
A: large, (breathe fire), unfitting armour, reduced essence, clarity, MP-powered
wands, AC +7
a: End Transformation, Recall Ancestor, Ancestor Identity, Renounce Religion


You were on level 9 of the Dungeon.
You worshipped Hepliaklqana.
Hepliaklqana was pleased with you.
You were not hungry.
You were a creature of crystalline ice.
You visited 2 branches of the dungeon, and saw 10 of its levels.
You also visited: Sewer and Ossuary.

You collected 592 gold pieces.

Inventory:

Missiles
 a - 133 arrows
Jewellery
 h - a ring of wizardry (left front paw)
 t - a +3 amulet of reflection {unknown}
 w - an uncursed amulet of the acrobat
 x - a cursed amulet of magic regeneration
Wands
 r - a wand of enslavement (5)
 s - a wand of clouds (5)
 u - a wand of flame (19)
 z - a wand of acid (5)
Scrolls
 j - 3 scrolls of amnesia
 o - 6 scrolls of remove curse
 q - 2 scrolls of blinking
 B - 2 scrolls of magic mapping
Potions
 b - 3 potions of degeneration
 d - 6 potions of curing
 e - 3 potions of brilliance
 f - 2 potions of lignification
 g - a potion of flight
 i - a potion of magic
 k - 4 potions of stabbing
 l - a potion of berserk rage
 m - 2 potions of heal wounds {unknown}
 n - 4 potions of mutation
 p - a potion of might {unknown}
 v - a potion of invisibility
Comestibles
 c - 15 rations
 A - a chunk of flesh


   Skills:
 - Level 1.1 Fighting
 - Level 1.7 Dodging
 * Level 11.2 Unarmed Combat
 + Level 7.4 Spellcasting
 + Level 8.0 Transmutations


You had 8 spell levels left.
You knew the following spells:

 Your Spells              Type           Power        Failure   Level  Hunger
a - Beastly Appendage     Tmut           ####..       1%          1    None
b - Sticks to Snakes      Tmut           ####....     1%          2    None
c - Spider Form           Tmut/Pois      ###.......   2%          3    ##.....
d - Ice Form              Ice/Tmut       ###.....     9%          4    ####...
e - Blade Hands           Tmut           ####......   4%          5    #####..

Your spell library contained the following spells:

 Spells                   Type           Power        Failure   Level  Hunger
 Freeze                   Ice            #...         4%          1    None
 Frozen Ramparts          Ice            #.....       13%         3    ##.....
 Ozocubu's Armour         Chrm/Ice       #.......     13%         3    ##.....
 Hailstorm                Conj/Ice       #.......     38%         4    ####...
 Summon Ice Beast         Ice/Summ       #.......     38%         4    ####...


Dungeon Overview and Level Annotations

Branches:
Dungeon (9/15)             Temple (1/1) D:6            Lair (0/6) D:9
  Sewer (visited)         Ossuary (visited)
    Orc: D:9-12

Altars:
Ashenzari
Cheibriados
Dithmenos
Elyvilon
Gozag
Hepliaklqana
Kikubaaqudgha
Nemelex Xobeh
Qazlal
Ru
Sif Muna
Trog
Vehumet
Xom
Yredelemnul

Shops:
D:7 (   D:9 [

Annotations:
D:7 4 runed translucent doors


Innate Abilities, Weirdness & Mutations

((You can breathe blasts of fire.))
((Your fiery red scales are hard. (AC +7)))
You cannot fit into any form of body armour.
((Your flesh is heat resistant. (rF+)))
((You are cold-blooded and may be slowed by cold attacks.))
Your life essence is reduced to manifest your ancestor. (-10% HP)
((You have sharp toenails.))
You possess an exceptional clarity of mind.
You expend magic power (3 MP) to strengthen your wands.


Message History

Okay, then.
Unknown command.
You punch the jelly! You freeze the jelly.
You kill the jelly!
You catch the helpless ooze completely off-guard!
You hit the ooze. You freeze the ooze.
You kill the ooze!
The jelly hits Octavius.
Octavius is splashed with acid.
You swap places.
The jelly hits you.
You are splashed with acid!
* * * LOW HITPOINT WARNING * * *
There is an open door here.
You hit the jelly but do no damage.
Your front paws burn!
* * * LOW HITPOINT WARNING * * *
The jelly hits you.
* * * LOW HITPOINT WARNING * * *
The acid corrodes you!
You are splashed with acid!
* * * LOW HITPOINT WARNING * * *
You punch the jelly! You freeze the jelly. The acid corrodes you!
Your front paws burn!
You die...

....#### ###.## #..#
....# #..<.# ###..#
....# #....# #...#####
....# #....# #........
....# #....####
###........ ....#
######≈.#####..........
##..##
#####≈.##.<.†........
##...######
#...#......##........
))).......#
#JYR)..####........
####.#.#### #...#..###
###.##.## # #.#....#
#####≈.# #..##.# ##
#.####.######≈(##
#.###.# .###.##
#..##....## #.# #.#
...#..###.....#### #.#
#.# ...>......##..####
### #.#
#.###.#.#........###
#.#
#...#........###...##
#..


You could see the friendly Octavius the hexer and a jelly.

Vanquished Creatures
  Pikel (D:5)
  A troll (D:9)
  A hornet (D:4)
  A hippogriff (D:7)
  Sigmund (D:2)
  A hungry ghost (D:9)
  A black bear (D:9)
  3 orc warriors
  3 ice beasts
  Purgy (Sewer)
  3 slaves (D:5)
  4 ogres
  2 phantoms
  A sky beast (D:5)
  3 centaurs
  A crocodile (D:9)
  A big kobold (D:8)
  2 bullfrogs
  A water moccasin zombie (D:8)
  2 wyvern zombies
  A scorpion (D:7)
  A howler monkey (D:5)
  2 crimson imps
  A quasit (D:7)
  7 hounds
  2 jellies (D:9)
  9 orc wizards
  9 orc priests
  2 centaur skeletons
  2 iguanas
  4 worker ants
  A killer bee zombie (D:5)
  A big kobold zombie (Ossuary)
  A hound zombie (D:9)
  A hound skeleton (D:6)
  8 mummies (Ossuary)
  A worker ant zombie (D:5)
  Robin (D:2)
  A howler monkey skeleton (D:6)
  5 adders
  2 shadow imps
  6 oozes
  2 adder zombies
  2 adder skeletons (D:4)
  3 worms
  A dart slug (D:2)
  7 leopard geckos
  27 orcs
  13 giant cockroaches
  A gnoll zombie (Ossuary)
  9 goblins
  9 hobgoblins
  2 jackals (D:7)
  2 quokkas (D:7)
  7 bats
  3 frilled lizards
  2 hobgoblin zombies (Ossuary)
  A jackal zombie (D:7)
  18 kobolds
  3 kobold zombies (Ossuary)
  2 leopard gecko skeletons (D:4)
  An orc zombie (Ossuary)
  5 rats
222 creatures vanquished.

Vanquished Creatures (collateral kills)
  An ogre (D:8)
  2 bullfrogs
  A howler monkey (D:9)
  A jelly (D:9)
  2 orc wizards (D:8)
  A worm (D:7)
  A leopard gecko (D:9)
  5 orcs
  2 jackals (D:7)
16 creatures vanquished.

Vanquished Creatures (others)
  2 hexers (D:9)
  2 ancestors
4 creatures vanquished.

Grand Total: 242 creatures vanquished

Notes
Turn   | Place    | Note
-------+----------+-------------------------------------------
     0 | D:1      | kae the Draconian Transmuter began the quest for the Orb.
     0 | D:1      | Reached XP level 1. HP: 16/16 MP: 3/3
    45 | D:1      | Reached XP level 2. HP: 13/23 MP: 3/5
   536 | D:1      | Learned a level 2 spell: Sticks to Snakes
   842 | D:1      | Reached XP level 3. HP: 7/28 MP: 3/6
  1300 | D:2      | Reached skill level 4 in Unarmed Combat
  1309 | D:2      | Reached XP level 4. HP: 11/35 MP: 3/7
  1564 | D:2      | Noticed Robin
  1655 | D:1      | Learned a level 3 spell: Spider Form
  1699 | D:2      | Killed Robin
  2121 | D:2      | Reached XP level 5. HP: 37/40 MP: 5/9
  2205 | D:2      | Found a sparkling altar of Nemelex Xobeh.
  2206 | D:2      | Noticed Sigmund
  2217 | D:2      | Killed Sigmund
  2217 | D:2      | Reached skill level 5 in Unarmed Combat
  2217 | D:2      | Reached XP level 6. HP: 12/47 MP: 3/11
  2439 | D:2      | Found a shadowy altar of Dithmenos.
  2715 | D:3      | Found an ancient bone altar of Kikubaaqudgha.
  2800 | D:3      | Found a glowing drain.
  2825 | Sewer    | Entered a sewer
  2916 | Sewer    | Noticed Purgy
  2932 | Sewer    | Killed Purgy
  3829 | D:4      | Noticed a hornet
  3839 | D:4      | Killed a hornet
  3839 | D:4      | Reached skill level 6 in Unarmed Combat
  3839 | D:4      | Your scales start taking on a fiery red colour.
  3839 | D:4      | Reached XP level 7. HP: 51/52 MP: 11/13
  3839 | D:4      | Gained mutation: Your flesh is heat resistant. (rF+) [Red
                  | Draconian growth]
  4019 | D:4      | Found a shimmering altar of Xom.
  4859 | D:5      | Entered Level 5 of the Dungeon
  4904 | D:5      | Gained mutation: You have sharp toenails. [potion of
                  | mutation]
  4904 | D:5      | Gained mutation: You possess an exceptional clarity of
                  | mind. [potion of mutation]
  4904 | D:5      | Gained mutation: You expend magic power (3 MP) to
                  | strengthen your wands. [potion of mutation]
  4959 | D:5      | Reached skill level 7 in Unarmed Combat
  4982 | D:5      | Reached XP level 8. HP: 33/59 MP: 14/14
  5020 | D:5      | Reached skill level 5 in Transmutations
  5038 | D:5      | HP: 1/59 [orc priest/divine providence (14)]
  5112 | D:5      | Found a sand-covered staircase.
  5117 | Ossuary  | Entered an ossuary
  5992 | D:5      | Reached skill level 5 in Spellcasting
  6183 | D:5      | Learned a level 4 spell: Ice Form
  6189 | D:5      | Learned a level 5 spell: Blade Hands
  6200 | D:5      | Reached skill level 8 in Unarmed Combat
  6866 | D:5      | Noticed Pikel
  6872 | D:5      | Killed Pikel
  6872 | D:5      | Reached skill level 9 in Unarmed Combat
  6872 | D:5      | Reached XP level 9. HP: 22/64 MP: 17/17
  7373 | D:6      | Found a staircase to the Ecumenical Temple.
  7386 | Temple   | Entered the Ecumenical Temple
  7391 | Temple   | Became a worshipper of Hepliaklqana the Forgotten
  8679 | D:6      | Found a shimmering altar of Xom.
  8874 | D:7      | Reached * piety under Hepliaklqana
  9249 | D:7      | Found an opulent altar of Gozag.
  9310 | D:7      | Reached skill level 10 in Unarmed Combat
  9411 | D:7      | Found a snail-covered altar of Cheibriados.
  9979 | D:7      | Found a huge runed translucent gate.
  9979 | D:7      | Found a huge runed translucent gate.
  9979 | D:7      | Found a huge runed translucent gate.
  9979 | D:7      | Found a huge runed translucent gate.
  9979 | D:7      | Noticed a polar bear
  9979 | D:7      | Noticed a polar bear
  9979 | D:7      | Noticed a polar bear
  9979 | D:7      | Noticed a polar bear
  9979 | D:7      | Noticed a polar bear
  9980 | D:7      | Noticed a polar bear
  9980 | D:7      | Noticed a polar bear
  9980 | D:7      | Noticed a manticore
 10052 | D:7      | Found Guyskodd's Weapon Boutique.
 10502 | D:7      | Found a sacrificial altar of Ru.
 10502 | D:7      | Found a stormy altar of Qazlal.
 10503 | D:7      | Found a shattered altar of Ashenzari.
 10717 | D:8      | Found a basalt altar of Yredelemnul.
 10792 | D:8      | Reached XP level 10. HP: 51/63 MP: 20/20
 10955 | D:8      | Found a shimmering blue altar of Sif Muna.
 10968 | D:8      | Identified Sif Muna's Tome of Changing
 11366 | D:9      | Reached ** piety under Hepliaklqana
 11367 | D:9      | Remembered your ancestor Octavius as a hexer
 11497 | D:9      | Noticed a death yak
 11499 | D:9      | Found a staircase to the Lair.
 11577 | D:9      | Found a bloodstained altar of Trog.
 11577 | D:9      | Found Axerheh's Armour Boutique.
 11879 | D:9      | Reached skill level 11 in Unarmed Combat
 12192 | D:9      | Found a white marble altar of Elyvilon.
 12805 | D:9      | HP: 2/75 [acid (8)]
 12806 | D:9      | Splashed by a jelly's acid

Levels and vault maps discovered:
D:1:      saegor_arrival_simple_c, layout_rooms, grunt_decor_mini_mirrors
D:2:      layout_loops_ring, grunt_temple_overflow_open, uniq_sigmund,
          uniq_robin
D:3:      layout_basic, lemuel_crystal_altar, portal_sewer_entry_b
D:4:      layout_gridville, first_ration, lemuel_altar_in_water
D:5:      layout_loops_ring, enter_ossuary_3, minmay_stone_trees_small,
          uniq_pikel
D:6:      minmay_razor_zed, layout_loops_ring, minmay_temple_entry_sparse_star,
          basic_altar
D:7:      lemuel_bear_cage, layout_basic, lemuel_doored_altar,
          chequers_temple_overflow_statue_of_worship, serial_shops,
          nicolae_shop_trees, minmay_misc_feat_tiny, cheibrodos_worm_habitat
D:8:      layout_cave_pools, led_sif_book, lemuel_crystal_altar
D:9:      layout_rooms, lemuel_coloured_pillars_altar, david_lair_generic,
          serial_shops, shop, basic_altar, hangedman_little_slice_of_home
Temple:   nicolae_temple_hex_pool

Skill      XL: |  1  2  3  4  5  6  7  8  9 10 |
---------------+-------------------------------+-----
Unarmed Combat | 4 5 6 7 9 10 11 | 11.2
Transmutations | 3 4 6 7 8 |  8.0
Spellcasting   | 3 4 5 6 7 |  7.4
Fighting       | |  1.1
Dodging        | |  1.7

Action                   |  1- 3 |  4- 6 |  7- 9 | 10-12 || total
-------------------------+-------+-------+-------+-------++-------
Melee: Unarmed           |    94 |   136 |   398 |   102 ||   730
       Tailslap          |    12 |     9 |    31 |     5 ||    57
       Kick              |     6 |     3 |    41 |     6 ||    56
       Headbutt          |     3 |     5 |     2 |       ||    10
       Punch             |     1 |       |     3 |       ||     4
 Cast: Beastly Appendage |    15 |    14 |    10 |     1 ||    40
       Sticks to Snakes  |     3 |       |       |       ||     3
       Spider Form       |       |    10 |     9 |       ||    19
       Ice Form          |       |       |    12 |     9 ||    21
       Blade Hands       |       |       |     4 |     2 ||     6
Invok: Recall Ancestor   |       |       |     1 |     1 ||     2
       Ancestor Life: He |       |       |       |     1 ||     1
 Abil: Breathe Fire      |       |       |     5 |     1 ||     6
  Use: Scroll            |     3 |     9 |     3 |     2 ||    17
       Potion            |       |     1 |     8 |       ||     9
 Stab: Sleeping          |       |     1 |     1 |       ||     2
       Distracted        |       |       |       |     1 ||     1
  Eat: Chunk             |     2 |     5 |    21 |     5 ||    33
       Ration            |       |     1 |     2 |     1 ||     4
Armor: Skin              |    25 |    33 |    73 |    21 ||   152
Dodge: Dodged            |    64 |   122 |   200 |    42 ||   428

Table legend:
 A = Non-vault XP
 B = Vault XP
 C = Vault XP percentage of total XP
 D = Non-vault monster count
 E = Vault monster count
 F = Vault count percentage of total count
                 A         B        C        D         E       F
            +---------+---------+-------+---------+---------+-------
      Total |    6077 |    1554 |  20.4 |     187 |      48 |  20.4
            +---------+---------+-------+---------+---------+-------
        D:1 |      50 |       2 |   3.8 |      23 |       1 |   4.2
        D:2 |     128 |     255 |  66.6 |      17 |       7 |  29.2
        D:3 |      28 |       7 |  20.0 |      12 |       4 |  25.0
        D:4 |     558 |       0 |   0.0 |      20 |       0 |   0.0
        D:5 |    1155 |     629 |  35.3 |      26 |       1 |   3.7
        D:6 |     792 |      45 |   5.4 |      18 |       2 |  10.0
        D:7 |    1100 |       5 |   0.5 |      24 |       1 |   4.0
        D:8 |     886 |      75 |   7.8 |      25 |       2 |   7.4
        D:9 |    1380 |     224 |  14.0 |      22 |       8 |  26.7
      Sewer |       0 |     138 | 100.0 |       0 |       6 | 100.0
    Ossuary |       0 |     174 | 100.0 |       0 |      16 | 100.0
            +---------+---------+-------+---------+---------+-------
